 Dungeon Crawl Stone Soup version 0.25.1-8-g42b30a86e7 (webtiles) character file.

Game seed: 7598807574517698815

289 Clowwww the Slasher (level 6, 39/46 HPs)
             Began as a Demonspawn Gladiator on Dec 6, 2020.
             Quit the game on level 4 of the Dungeon.
             The game lasted 00:05:44 (2928 turns).

Clowwww the Slasher (Demonspawn Gladiator)          Turns: 2928, Time: 00:05:44

Health: 39/46      AC:  3    Str: 15    XL:     6   Next: 9%
Magic:  6/6        EV: 13    Int:  9    God:
Gold:   201        SH:  0    Dex: 16    Spells: 5/5 levels left

rFire    . . .     SeeInvis .   a - +3 long sword
rCold    . . .     Gourm    .   (no shield)
rNeg     . . .     Faith    .   b - +0 leather armour
rPois    .         Spirit   .   (helmet restricted)
rElec    .         Reflect  .   (no cloak)
rCorr    .         Harm     .   (no gloves)
MR       .....                  (no boots)
Stlth    +++.......             (no amulet)
HPRegen  0.15/turn              (no ring)
MPRegen  0.10/turn              (no ring)

@: no status effects
A: horns 1, nightstalker 1
a: no special abilities


You were on level 4 of the Dungeon.
You were very hungry.

You visited 1 branch of the dungeon, and saw 4 of its levels.

You collected 201 gold pieces.

Inventory:

Hand Weapons
 a - a +3 long sword (weapon)
Missiles
 d - 3 throwing nets
 l - 2 javelins (quivered)
 v - 7 boomerangs of dispersal
Armour
 b - a +0 leather armour (worn)
 c - a +0 helmet
Jewellery
 g - an uncursed ring of flight {unknown}
 i - a +4 ring of evasion {unknown}
Wands
 u - a wand of enslavement (4)
Scrolls
 e - a scroll of fog {unknown}
 j - a scroll of remove curse
 n - a scroll of teleportation {unknown}
 p - 2 scrolls of amnesia {unknown}
Potions
 h - a potion of ambrosia
 k - 2 potions of flight
 q - a potion of curing {unknown}
 s - a potion of lignification {unknown}
 t - a potion of haste {unknown}
Comestibles
 f - 5 rations


   Skills:
 + Level 2.9 Fighting
 + Level 4.7 Long Blades
 + Level 1.9 Throwing
 + Level 1.8 Armour
 + Level 3.4 Dodging
 + Level 1.3 Stealth


You had 5 spell levels left.
You didn't know any spells.
Your spell library contained the following spells:

 Spells                   Type           Power        Failure   Level  Hunger
 Animate Skeleton         Necr           N/A          45%         1    ##.....
 Apportation              Tloc           #.....       45%         1    ##.....
 Corona                   Hex            #......      45%         1    ##.....
 Summon Small Mammal      Summ           #...         45%         1    ##.....


Dungeon Overview and Level Annotations

Branches:
Dungeon (4/15)
 Temple: D:4-7

Altars:
Fedhas
The Shining One


Innate Abilities, Weirdness & Mutations

You have a pair of small horns on your head.
You are slightly more attuned to the shadows.


Message History

You barely miss the howler monkey. The howler monkey misses you.
The howler monkey completely misses you.
You hit the howler monkey.
The howler monkey is moderately wounded.
The howler monkey closely misses you.
You slash the howler monkey!
The howler monkey is severely wounded.
The howler monkey hoots and howls with incredible vigour!
The howler monkey barely misses you.
You hear a shout!
You hear a bark! x3; You hear a shout! x2
You slash the howler monkey!
You kill the howler monkey!
You have reached level 6!
Your experience leads to an increase in your attributes!
Increase (S)trength, (I)ntelligence, or (D)exterity?
You feel agile.
Your demonic ancestry asserts itself...
A pair of horns grows on your head!
Your +0 helmet falls away!
You see here a howler monkey corpse.
Are you sure you want to abandon this character and quit the game? (Confirm with "yes".)

### ..# #.# ##
##.## #..
##...##
....##.....###.#
#........@......
..###.....###.#
##....[...
###.#.###.
#.....#
#.....###
..#####.........
......<.........
#.#####.....####


There were no monsters in sight!

Vanquished Creatures
  The ghost of kthxbai the Shooter, an amateur CeHu (D:3)
  A howler monkey (D:4)
  A hound (D:2)
  4 adders
  A worm (D:2)
  A leopard gecko (D:2)
  2 orcs (D:3)
  3 giant cockroaches
  A goblin (D:3)
  3 hobgoblins
  7 jackals
  6 bats
  3 frilled lizards
  3 kobolds
  5 rats
42 creatures vanquished.

Notes
Turn   | Place    | Note
-------+----------+-------------------------------------------
     0 | D:1      | Clowwww the Demonspawn Gladiator began the quest for the
                  | Orb.
     0 | D:1      | Reached XP level 1. HP: 16/16 MP: 1/1
   124 | D:1      | Gained mutation: You are slightly more attuned to the
                  | shadows. [demonic ancestry]
   124 | D:1      | Reached XP level 2. HP: 3/22 MP: 2/2
   128 | D:1      | Reached skill level 3 in Long Blades
   410 | D:1      | Found a glowing golden altar of the Shining One.
   993 | D:2      | Reached XP level 3. HP: 26/27 MP: 3/3
  1151 | D:2      | Reached XP level 4. HP: 28/34 MP: 4/4
  2180 | D:3      | Found a runed translucent door.
  2186 | D:3      | Noticed kthxbai's ghost (amateur CeHu)
  2258 | D:3      | Reached skill level 1 in Armour
  2391 | D:3      | Found a blossoming altar of Fedhas.
  2657 | D:3      | Killed kthxbai's ghost
  2657 | D:3      | Reached skill level 4 in Long Blades
  2657 | D:3      | Reached skill level 1 in Stealth
  2657 | D:3      | Reached XP level 5. HP: 8/40 MP: 5/5
  2925 | D:4      | Gained mutation: You have a pair of small horns on your
                  | head. [demonic ancestry]
  2925 | D:4      | Reached XP level 6. HP: 38/46 MP: 6/6
  2928 | D:4      | Quit the game

Illustrated notes

Levels and vault maps discovered:
D:1:      psy_arrival_radial02, layout_rooms, tso_metal_star
D:2:      layout_basic
D:3:      layout_rooms, lemuel_coloured_pillars_altar,
          ebering_ghost_reflecting_pool
D:4:      layout_loops_ring, serial_shops, shop, first_ration,
          nicolae_ru_the_path_less_chosen

Skill      XL: |  1  2  3  4 |
---------------+-------------+-----
Long Blades    | 3 4 |  4.7
Dodging        | 3 |  3.4
Armour         | 1 |  1.8
Stealth        | 1 |  1.3
Fighting       | |  2.9
Throwing       | |  1.9

Action                   |  1- 3 |  4- 6 || total
-------------------------+-------+-------++-------
Melee: Long sword        |    52 |    81 ||   133
Throw: Javelin           |     1 |       ||     1
  Use: Scroll            |       |     6 ||     6
 Stab: Sleeping          |     2 |     5 ||     7
  Eat: Chunk             |       |     5 ||     5
Armor: Leather armour    |    22 |    17 ||    39
Dodge: Dodged            |    72 |    63 ||   135
       Rpst.: Long sword |    26 |    18 ||    44
